 Seeded DCSS version 0.29-a0-676-ga64570c9d2 (webtiles) character file.

Game seed: 11281427841516483749 (custom seed)

9674 zeratav the Markstengu (level 11, -11/57 HPs)
             Began as a Tengu Hunter on June 24, 2022.
             Was a High Priest of Okawaru.
             Killed from afar by a gargoyle (21 damage)
             ... with a stone arrow
             ... on level 11 of the Dungeon.
             The game lasted 00:22:19 (12860 turns).

zeratav the Markstengu (Tengu Hunter)              Turns: 12860, Time: 00:22:20

Health: -11/57     AC:  0    Str: 11    XL:     11   Next: 50%
Magic:  18/18      EV: 22    Int:  9    God:    Okawaru [*****.]
Gold:   472        SH:  0    Dex: 29    Spells: 10/10 levels left

rFire   . . .      SeeInvis .   C - +8 storm bow {elec, penet}
rCold   . . .      Faith    .   (shield currently unavailable)
rNeg    . . .      Spirit   .   b - +0 leather armour
rPois   .          Reflect  .   (helmet restricted)
rElec   .          Harm     .   (no cloak)
rCorr   .          Rampage  .   G - +0 pair of gloves
Will    .....                   (boots unavailable)
Stlth   ++++......              (no amulet)
HPRegen 0.19/turn               l - +4 ring of evasion
MPRegen 0.16/turn               n - +6 ring of dexterity

@: corroded, flying quickly and evasively, quick
A: beak, talons 3, nimble flight
a: Renounce Religion, Heroism, Finesse, Duel


You were on level 11 of the Dungeon.
You worshipped Okawaru.
Okawaru was extremely pleased with you.
You visited 2 branches of the dungeon, and saw 12 of its levels.

You collected 1155 gold pieces.
You spent 640 gold pieces at shops.
You paid 43 gold pieces to Gozag.


Innate Abilities, Weirdness & Mutations

You have a beak for a mouth.
You have claws for feet.
Your magical nature lets you fly swiftly and evasively.


   Skills:
 - Level 2.1 Fighting
 - Level 16.0 Bows
 + Level 4.1 Dodging
 - Level 5.0 Stealth
 - Level 8.0 Invocations


You had 10 spell levels left.
You didn't know any spells.
Your spell library contained the following spells:

 Spells                   Type           Power      Damage    Failure   Level
 Freeze                   Ice            0%         1d3       47%         1
 Blink                    Tloc           0%         N/A       63%         2
 Static Discharge         Conj/Air       0%         N/A       63%         2
 Conjure Flame            Conj/Fire      0%         6-21      85%         3
 Frozen Ramparts          Ice            0%         1d2       85%         3
 Ignite Poison            Fire/Tmut/Pois 0%         N/A       85%         3
 Inner Flame              Hex/Fire       0%         N/A       85%         3
 Lesser Beckoning         Tloc           0%         N/A       85%         3
 Cause Fear               Hex            0%         N/A       99%         4
 Fulminant Prism          Conj/Hex       0%         3d6       99%         4
 Hailstorm                Conj/Ice       0%         3d3       99%         4
 Iskenderun's Mystic Bla  Conj/Tloc      0%         2d3       99%         4
 Sticky Flame             Conj/Fire      0%         2d3       99%         4
 Lee's Rapid Deconstruct  Erth           0%         3d5*      100%        5
 Lightning Bolt           Conj/Air       0%         1d11      100%        5
 Manifold Assault         Tloc           0%         N/A       100%        5
 Discord                  Hex            0%         N/A       100%        8
 Maxwell's Capacitive Co  Air            0%         ∞         100%        8

Inventory:

Hand Weapons
 a - a +3 shortbow {bow}
 x - a +0 falchion of draining {long}
   (You found it on level 6 of the Dungeon)
 B - a +2 spear of venom {polearm}
   (You took it off a gnoll sergeant on level 6 of the Dungeon)
 C - the +8 storm bow (weapon) {elec, penet}
   (You bought it in a shop on level 2 of the Dungeon)

   Any ammunition fired from it occasionally discharges a powerful burst of
   electricity upon striking a foe.
   Any ammunition fired by it passes through the targets it hits, potentially
   hitting all targets in its path until it reaches maximum range.
 H - the +8 trident "Noyrepti" {freeze, rN+, polearm}
   (You found it on level 8 of the Dungeon)

   It freezes those it strikes, dealing additional cold damage.
   It can also slow down cold-blooded creatures.
   rN:        It protects you from negative energy.
Missiles
 j - 6 poisoned darts {throwing}
Armour
 b - a +0 leather armour (worn)
 G - a +0 pair of gloves (worn)
   (You found it on level 7 of the Dungeon)
Jewellery
 l - a +4 ring of evasion (left hand)
   (You found it on level 3 of the Dungeon)
 n - a +6 ring of dexterity (right hand)
   (You found it on level 6 of the Dungeon)
 w - a +6 ring of intelligence
   (You found it on level 3 of the Dungeon)
 M - a ring of willpower
   (You found it on level 10 of the Dungeon)
Wands
 p - a wand of charming (9)
   (You found it on level 4 of the Dungeon)
 s - a wand of flame (22)
   (You found it on level 5 of the Dungeon)
 A - a wand of digging (4)
   (You found it on level 6 of the Dungeon)
 J - a wand of iceblast (11)
   (You found it on level 8 of the Dungeon)
 K - a wand of polymorph (18)
   (You found it on level 10 of the Dungeon)
 P - a wand of mindburst (9)
   (You found it on level 11 of the Dungeon)
Scrolls
 c - 2 scrolls of immolation {!r!r}
 e - 2 scrolls of magic mapping {!r}
 g - 3 scrolls of enchant armour {unknown}
 h - 2 scrolls of fear {unknown}
 m - a scroll of silence {unknown}
 v - 2 scrolls of amnesia
 y - 2 scrolls of vulnerability {unknown}
 E - 2 scrolls of teleportation {@r4}
 F - 2 scrolls of identify {@r1}
 I - a scroll of blinking {unknown}
 O - a scroll of enchant weapon
Potions
 d - a potion of might {unknown}
 f - 4 potions of mutation {unknown}
 i - 6 potions of curing {@q1}
 k - a potion of ambrosia
 o - 3 potions of flight {unknown}
 q - 2 potions of attraction {unknown}
 r - a potion of brilliance {unknown}
 t - 3 potions of heal wounds {unknown}
 u - 2 potions of invisibility
 z - a potion of lignification {unknown}
 D - 2 potions of magic {unknown}
 N - 2 potions of degeneration {unknown}
Miscellaneous
 L - a phial of floods (inert)
   (You found it on level 10 of the Dungeon)

Dungeon Overview and Level Annotations

Branches:
Dungeon (11/15) Zot: 26471  Temple (1/1) D:5 Zot: 5671    Lair (0/6) D:9
    Orc (0/2) D:11

Altars:
Ashenzari
Cheibriados
Dithmenos
Elyvilon
Fedhas
Gozag
Hepliaklqana
Kikubaaqudgha
Makhleb
Nemelex Xobeh
Okawaru
Qazlal
Ru
Sif Muna
Trog
Uskayaw
Vehumet
Wu Jian
Xom
Yredelemnul
Zin
The Shining One

Shops:
D:2 (

Annotations:
D:6 1 transporter, zeratav's ghost, amateur TeHu

#..###....##..... .#
#..###....##..... #..
###.#......#..... ..#
##...##........ #..
#..###.....>.. l9##
#...###....... #.°
#...##...###..
#..##..######......##
#. .....).†@.#
##....## .
#'#######.# ##....##
#.###......##
#.##...##...#
#..'..###...#####
####...###....#.#
#...##........
##......#.#...
.⌠.o.⌠. ##....######.


You could see a komodo dragon (wandering) and a gargoyle.


Message History

You hear a roar!
You hear a shout!
You hear an angry buzzing noise. x2
You hear an angry hiss.
HP[-19]
You take 19 damage, and now have 38/57 hp.
MASSIVE DAMAGE!! (PAUSE)
You are too injured to fight recklessly!
You are too injured to fight recklessly!
Unknown command.
Shoot: C) +8 storm bow {elec, penet}
Press: ? - help, Q - select action, (/) - cycle Shift-Dir - straight line, f/p - acid dragon
Aim: an acid dragon (lightly wounded, catching its breath, 76% to hit)
You shoot an arrow.
The arrow completely misses the acid dragon.
The arrow pierces through the boulder beetle!
An orc warrior comes into view. It is wielding a +0 dire flail.
Shoot: C) +8 storm bow {elec, penet}
Press: ? - help, Q - select action, (/) - cycle Shift-Dir - straight line, f/p - acid dragon
Aim: an acid dragon (lightly wounded, catching its breath, 76% to hit)
You shoot an arrow.
The arrow pierces through the acid dragon!
The arrow pierces through the boulder beetle.
A vampire mosquito comes into view.
HP[+1]
The acid dragon completely misses you. The acid dragon claws you.
The boulder beetle stops rolling and uncurls.
HP[-2]
You take 2 damage, and now have 37/57 hp.
Shoot: C) +8 storm bow {elec, penet}
Press: ? - help, Q - select action, (/) - cycle Shift-Dir - straight line, f/p - acid dragon
Aim: an acid dragon (severely wounded, 76% to hit)
You shoot an arrow. The vampire mosquito buzzes angrily.
The arrow pierces through the acid dragon!!
Lightning courses through the acid dragon!
You kill the acid dragon!
Okawaru accepts your kill.
The arrow pierces through the boulder beetle but does no damage.
The arrow pierces through the orc warrior but does no damage.
You hear a howl!
You hear an angry buzzing noise.
Something misses you.
The boulder beetle curls into a ball and begins rolling!
Training target 16.0 for Bows reached!
Your Bows skill increases to level 16!
You need to enable at least one skill for training.
Shoot: C) +8 storm bow {elec, penet}
Press: ? - help, Q - select action, (/) - cycle Shift-Dir - straight line, f - boulder beetle
Aim: a boulder beetle (heavily wounded, rolling, 93% to hit)
You shoot an arrow.
The arrow barely misses the boulder beetle.
The arrow pierces through the orc warrior!
Something hits you.
Deactivating autopickup; reactivate with Ctrl-A.
A gargoyle comes into view. It is wielding a +0 mace.
The boulder beetle stops rolling and uncurls.
HP[-2]
You take 2 damage, and now have 35/57 hp.
Shoot: C) +8 storm bow {elec, penet}
Press: ? - help, Q - select action, (/) - cycle Shift-Dir - straight line, f/p - boulder beetle
Aim: a boulder beetle (heavily wounded, 93% to hit)
You shoot an arrow.
The arrow pierces through the boulder beetle!!
The arrow pierces through the orc warrior!
You kill the orc warrior!
Okawaru accepts your kill. Something hits you!
* * * LOW HITPOINT WARNING * * *
HP[-10]
You take 10 damage, and now have 25/57 hp.
Shoot: C) +8 storm bow {elec, penet}
Press: ? - help, Q - select action, (/) - cycle Shift-Dir - straight line, f/p - boulder beetle
Aim: a boulder beetle (severely wounded, 93% to hit)
You shoot an arrow.
The arrow pierces through the boulder beetle but does no damage.
Lightning courses through the boulder beetle!!
You kill the boulder beetle!
Okawaru is honoured by your kill. Something hits you!
* * * LOW HITPOINT WARNING * * *
Something hits you.
* * * LOW HITPOINT WARNING * * *
A vampire mosquito comes into view.
Your Dodging skill gained 2 levels and is now at level 4!
HP[-12]
You take 12 damage, and now have 13/57 hp.
MASSIVE DAMAGE!! (PAUSE) Shoot: C) +8 storm bow {elec, penet}
Press: ? - help, Q - select action, (/) - cycle Shift-Dir - straight line, f - vampire mosquito
Aim: a vampire mosquito (66% to hit)
You shoot an arrow. The vampire mosquito buzzes angrily.
The arrow pierces through the vampire mosquito!!
Lightning courses through the vampire mosquito!
You destroy the vampire mosquito!
Okawaru accepts your kill.
A komodo dragon comes into view.
Something hits you.
* * * LOW HITPOINT WARNING * * *
The gargoyle hurls a stone arrow at you.
The stone arrow hits you!!
You die...

Skill      XL: |  1  2  3  4  5  6  7  8  9 10 11 |
---------------+----------------------------------+-----
Bows           | 5 6 7 9 10 11 13 14 16 | 16.0
Stealth        | 3 5 |  5.0
Invocations    | 3 8 |  8.0
Dodging        | 4 |  4.1
Fighting       | |  2.1

Action                   |  1- 3 |  4- 6 |  7- 9 | 10-12 || total
-------------------------+-------+-------+-------+-------++-------
Melee: Longbow           |       |       |       |     2 ||     2
 Fire: Shortbow          |    85 |   133 |   222 |       ||   440
       Longbow           |       |       |    55 |   164 ||   219
Invok: Renounce Religion |       |       |     1 |       ||     1
Evoke: Phial of floods   |       |       |       |     1 ||     1
  Use: Scroll            |       |       |     8 |     1 ||     9
       Potion            |       |       |       |     1 ||     1
Armor: Leather armour    |    15 |     9 |     8 |    12 ||    44
Dodge: Dodged            |    27 |    49 |    93 |    46 ||   215

Levels and vault maps discovered:
D:1:      nzn_arrival_crosshair, layout_basic,
          dilly_ecumenical_altar_fadedgnrine
D:2:      layout_loops_ring, serial_shops, nicolae_shop_hallway_stairs,
          uniq_jessica
D:3:      layout_basic
D:4:      layout_rooms, grunt_temple_overflow_open, overflow_temple_1_default,
          minmay_liquid_box, uniq_menkaure
D:5:      layout_basic, minmay_temple_entry_offerings, grunt_ministairs_14
D:6:      layout_loops_ring, gammafunk_ghost_stat_death, uniq_eustachio
D:7:      layout_basic, minmay_parallelograms
D:8:      layout_basic
D:9:      layout_irregular_city, mainiacjoe_overflow_alcove_4, lair_entry_dummy
D:10:     layout_gridville, eino_small_chamber_without_monster,
          hangedman_decor_opposing
D:11:     wad_guarded_room, layout_cave_pools, orc_0_dummy,
          minmay_misc_feat_columns
Temple:   dpeg_five_rooms_temple

Notes
Turn   | Place    | Note
-------+----------+-------------------------------------------
     0 | D:1      | zeratav the Tengu Hunter began the quest for the Orb.
     0 | D:1      | Reached XP level 1. HP: 12/12 MP: 2/2
     0 | D:1      | magus.rc [v1.9.6]
   293 | D:1      | Found a faded altar of an unknown god.
   402 | D:1      | Reached XP level 2. HP: 17/17 MP: 3/3
   525 | D:1      | Reached skill level 5 in Bows
  1205 | D:2      | Reached XP level 3. HP: 21/21 MP: 4/4
  1307 | D:2      | You pick up a book of Lightning and begin reading...
  1307 | D:2      | You add the spells Static Discharge, Lightning Bolt and
                  | Maxwell's Capacitive Coupling to your library.
  1324 | D:2      | Noticed Jessica
  1329 | D:2      | Killed Jessica
  1330 | D:2      | Reached skill level 6 in Bows
  1330 | D:2      | Reached XP level 4. HP: 26/26 MP: 5/5
  1623 | D:2      | Found Semp's Weapon Emporium.
  1843 | D:3      | You pick up a book of Frost and begin reading...
  1843 | D:3      | You add the spells Freeze, Frozen Ramparts and Hailstorm to
                  | your library.
  2104 | D:3      | You fall into a shaft and drop 2 floors!
  2104 | D:5      | Entered Level 5 of the Dungeon
  2135 | D:5      | Gained mutation: Your magical nature lets you fly swiftly
                  | and evasively. [Tengu growth]
  2135 | D:5      | Reached XP level 5. HP: 30/30 MP: 6/6
  2174 | D:5      | Noticed a phantom
  2200 | D:5      | Reached skill level 7 in Bows
  2328 | D:5      | Reached XP level 6. HP: 11/35 MP: 7/7
  2680 | D:5      | Found a staircase to the Ecumenical Temple.
  2747 | Temple   | Entered the Ecumenical Temple
  3079 | Temple   | Became a worshipper of Gozag Ym Sagoz the Greedy
  3123 | D:5      | Reached skill level 8 in Bows
  3334 | D:5      | You pick up a book of Hexes and begin reading...
  3334 | D:5      | You add the spells Inner Flame, Cause Fear and Discord to
                  | your library.
  4038 | D:4      | Noticed a water moccasin
  4226 | D:4      | Found an ornate altar of the Wu Jian Council.
  4229 | D:4      | Found a snail-covered altar of Cheibriados.
  4290 | D:4      | Reached skill level 9 in Bows
  4290 | D:4      | Reached XP level 7. HP: 40/40 MP: 8/8
  4376 | D:4      | You pick up a book of Spatial Translocations and begin
                  | reading...
  4376 | D:4      | You add the spells Blink, Lesser Beckoning and Manifold
                  | Assault to your library.
  4417 | D:4      | Found an iron altar of Okawaru.
  4643 | D:4      | Noticed Menkaure
  4650 | D:4      | Killed Menkaure
  4651 | D:4      | Reached skill level 10 in Bows
  5069 | D:3      | Reached skill level 2 in Stealth
  5437 | D:6      | Found a transporter.
  5440 | D:6      | Noticed zeratav's ghost (amateur TeHu)
  5454 | D:6      | Reached skill level 3 in Stealth
  5454 | D:6      | Reached XP level 8. HP: 44/44 MP: 9/9
  5478 | D:6      | Reached skill level 4 in Stealth
  5569 | D:6      | Noticed Eustachio
  5585 | D:6      | Killed Eustachio
  5586 | D:6      | Reached skill level 5 in Stealth
  5783 | D:6      | Reached skill level 11 in Bows
  6536 | D:6      | Reached XP level 9. HP: 48/48 MP: 10/10
  6582 | D:6      | Reached skill level 12 in Bows
  6932 | D:2      | Bought the +8 storm bow {elec, penet} for 640 gold pieces
  6932 | D:2      | Found the +8 storm bow {elec, penet}
  7020 | D:6      | Found a transporter.
  7325 | D:7      | Reached skill level 13 in Bows
  7502 | D:4      | Fell from the grace of Gozag
  7503 | D:4      | Became a worshipper of Warmaster Okawaru
  7961 | D:7      | Reached skill level 1 in Invocations
  8288 | D:7      | Reached skill level 2 in Invocations
  8458 | D:8      | Noticed a hornet
  8463 | D:8      | Killed a hornet
  8463 | D:8      | Reached * piety under Okawaru
  8464 | D:8      | Reached skill level 3 in Invocations
  8464 | D:8      | Reached XP level 10. HP: 53/53 MP: 11/13
  8627 | D:8      | Reached skill level 4 in Invocations
  8805 | D:8      | Reached skill level 5 in Invocations
  8825 | D:8      | Identified the +8 trident "Noyrepti" {freeze, rN+}
  9347 | D:8      | Reached skill level 6 in Invocations
  9788 | D:9      | Noticed a green ugly thing
  9796 | D:9      | Killed a green ugly thing
  9796 | D:9      | Reached ** piety under Okawaru
 10277 | D:9      | Reached skill level 7 in Invocations
 10283 | D:9      | HP: 13/53 [yak (25)]
 10287 | D:9      | HP: 6/53 [yak (8)]
 10627 | D:9      | Reached *** piety under Okawaru
 10789 | D:9      | Reached skill level 8 in Invocations
 10954 | D:9      | Found a shimmering blue altar of Sif Muna.
 11065 | D:9      | You pick up a book of Blasting and begin reading...
 11065 | D:9      | You add the spells Fulminant Prism, Iskenderun's Mystic
                  | Blast and Lee's Rapid Deconstruction to your library.
 11079 | D:9      | Found a staircase to the Lair.
 11127 | D:9      | Reached skill level 14 in Bows
 11289 | D:10     | Entered Level 10 of the Dungeon
 11336 | D:10     | Was forgiven by Gozag
 11759 | D:10     | Reached **** piety under Okawaru
 11760 | D:10     | Reached XP level 11. HP: 57/57 MP: 18/18
 11763 | D:10     | Reached skill level 15 in Bows
 12312 | D:11     | Noticed a cyclops
 12315 | D:11     | Killed a cyclops
 12409 | D:11     | Noticed a boulder beetle
 12432 | D:11     | Noticed a four-headed hydra
 12477 | D:11     | Killed a four-headed hydra
 12744 | D:11     | You add the spells Conjure Flame, Ignite Poison and Sticky
                  | Flame to your library.
 12748 | D:11     | Reached ***** piety under Okawaru
 12812 | D:11     | Found a staircase to the Orcish Mines.
 12849 | D:11     | Noticed a boulder beetle
 12857 | D:11     | Reached skill level 16 in Bows
 12859 | D:11     | Killed a boulder beetle
 12859 | D:11     | HP: 13/57 [something (4)]
 12860 | D:11     | Reached skill level 4 in Dodging
 12860 | D:11     | Killed from afar by a gargoyle

Vanquished Creatures
  A boulder beetle (D:11)
  A hydra (D:11)
  An ugly thing (D:9)
  A cyclops (D:11)
  A gargoyle (D:11)
  An unseen horror (D:10)
  A hornet (D:8)
  13 yaks
  Eustachio (D:6)
  A vampire mosquito (D:11)
  Menkaure (D:4)
  3 acid dragons
  An ice beast (D:6)
  3 water moccasins
  2 orc warriors
  A black bear (D:6)
  6 sky beasts
  2 phantoms (D:5)
  6 centaurs
  5 bullfrogs
  2 necrophages
  3 gnoll sergeants
  2 scorpions (D:6)
  8 wights (D:7)
  9 killer bees
  3 howler monkeys
  3 orc priests
  2 jellies (D:6)
  3 hounds
  4 iguanas
  Jessica (D:2)
  11 orc wizards
  14 gnolls
  8 adders
  2 white imps
  An ufetubus (D:6)
  A worm (D:4)
  4 dart slugs
  30 orcs
  9 ball pythons
  3 endoplasms
  3 giant cockroaches
  5 goblins
  3 hobgoblins
  4 jackals (D:2)
  8 quokkas
  6 bats
  4 frilled lizards
  14 kobolds
  2 rats (D:2)
224 creatures vanquished.

Table legend:
 A = Non-vault XP
 B = Vault XP
 C = Vault XP percentage of total XP
 D = Non-vault monster count
 E = Vault monster count
 F = Vault count percentage of total count
                 A         B        C        D         E       F
            +---------+---------+-------+---------+---------+-------
      Total |   12420 |    1589 |  11.3 |     216 |       8 |   3.6
            +---------+---------+-------+---------+---------+-------
        D:1 |      19 |       0 |   0.0 |      12 |       0 |   0.0
        D:2 |      52 |      37 |  41.6 |      24 |       1 |   4.0
        D:3 |      55 |       0 |   0.0 |      20 |       0 |   0.0
        D:4 |     317 |     172 |  35.2 |      22 |       1 |   4.3
        D:5 |     429 |      43 |   9.1 |      11 |       2 |  15.4
        D:6 |    1458 |     188 |  11.4 |      35 |       1 |   2.8
        D:7 |    1488 |       0 |   0.0 |      22 |       0 |   0.0
        D:8 |    1694 |       0 |   0.0 |      26 |       0 |   0.0
        D:9 |    2311 |       0 |   0.0 |      15 |       0 |   0.0
       D:10 |    2342 |       0 |   0.0 |      18 |       0 |   0.0
       D:11 |    2255 |    1149 |  33.8 |      11 |       3 |  21.4
            +---------+---------+-------+---------+---------+-------

Illustrated notes

Table legend:
 A = Kills in this place as a percentage of kills in entire the game.
 B = Kills by you in this place as a percentage of kills by you in the entire game.
 C = Kills by friends in this place as a percentage of kills by friends in the entire game.
 D = Other kills in this place as a percentage of other kills in the entire game.
 E = Experience gained in this place as a percentage of experience gained in the entire game.
 F = Experience gained in this place divided by the number of levels of this place that you have seen.
                   A       B       C       D       E      F
               +-------+-------+-------+-------+-------+----------------------
         Total | 100.0 | 100.0 |   N/A |   N/A | 100.0 | 1167.4
       Dungeon | 100.0 | 100.0 |   N/A |   N/A | 100.0 | 1273.5
               +-------+-------+-------+-------+-------+----------------------

Table legend: (Time is in decaauts)
 A = Elapsed time spent in this place.
 B = Non-inter-level travel time spent in this place.
 C = Inter-level travel time spent in this place.
 D = Time resting spent in this place.
 E = Time spent auto-exploring this place.
 F = Levels seen in this place.
 G = Mean time per level.
                   A        B        C        D        E       F      G
               +--------+--------+--------+--------+--------+-----+--------+
         Total |  12317 |  11180 |   1137 |   2225 |   6921 |  12 | 1026.4 |
       Dungeon |  11989 |  10961 |   1028 |   2225 |   6714 |  11 | 1089.9 |
        Temple |    328 |    219 |    109 |      0 |    207 |   1 |  328.0 |
               +--------+--------+--------+--------+--------+-----+--------+

Top non-repeatable levels by time:
     D:5: 1856 daAuts
     D:6: 1687 daAuts
     D:8: 1440 daAuts
     D:9: 1299 daAuts
     D:2: 1019 daAuts
    D:10: 970 daAuts
     D:7: 932 daAuts
     D:1: 864 daAuts
     D:4: 741 daAuts
     D:3: 667 daAuts
    D:11: 509 daAuts
  Temple: 328 daAuts
